 Dungeon Crawl Stone Soup version 0.31-a0-233-g139696dc86 (webtiles) character file.

Game seed: 17816728081365505079

137 Decritt the Trooper (level 5, 47/48 HPs)
             Began as a Hill Orc Fighter on July 8, 2023.
             Quit the game on level 4 of the Dungeon.
             The game lasted 00:04:50 (2355 turns).

Decritt the Trooper (Hill Orc Fighter)              Turns: 2355, Time: 00:04:51

Health: 47/48      AC:  8    Str: 21    XL:     5   Next: 20%
Magic:  5/5        EV:  9    Int:  8    God:
Gold:   181        SH:  4    Dex: 10    Spells: 4/4 levels left

rFire   . . .        a - +0 war axe
rCold   . . .        c - +0 buckler
rNeg    . . .        b - +0 scale mail
rPois   .            (no helmet)
rElec   .            (no cloak)
rCorr   .            t - +0 pair of gloves
SInv    .            (no boots)
Will    +....        (no amulet) Stlth
                     k - ring of flight
HPRegen 0.28/turn    m - ring of willpower
MPRegen 0.09/turn

%: no passive effects
@: flying
A: no striking features
a: no special abilities


You were on level 4 of the Dungeon.
You visited 1 branch of the dungeon, and saw 4 of its levels.

You collected 181 gold pieces.

Inventory:

Hand Weapons
 a - a +0 war axe (weapon)
Missiles
 l - a throwing net
Armour
 b - a +0 scale mail (worn)
 c - a +0 buckler (worn)
 t - a +0 pair of gloves (worn)
Jewellery
 k - a ring of flight (left hand)
 m - a ring of willpower (right hand)
Scrolls
 e - 2 scrolls of poison {unknown}
 f - a scroll of fog {unknown}
 g - 5 scrolls of identify {unknown}
 h - 4 scrolls of blinking {unknown}
 i - a scroll of fear {unknown}
 o - a scroll of teleportation {unknown}
 q - a scroll of revelation {unknown}
 r - a scroll of amnesia {unknown}
 s - a scroll of torment {unknown}
Potions
 d - a potion of might
 j - 2 potions of lignification {unknown}
 n - a potion of ambrosia {unknown}
 p - 4 potions of curing {unknown}


   Skills:
 * Level 5.0 Fighting
 * Level 4.5 Axes
 + Level 3.8 Armour
 + Level 3.9 Shields


You had 4 spell levels left.
You didn't know any spells.
Your spell library contained the following spells:

 Spells                   Type           Power      Damage    Failure   Level
 Inner Flame              Hex/Fire       0%         N/A       99%         3
 Yara's Violent Unravell  Hex/Tmut       0%         3d3       100%        5
 Enfeeble                 Hex            0%         N/A       100%        7


Dungeon Overview and Level Annotations

Branches:
Dungeon (4/15)
 Temple: D:4-7

Altars:

Shops:
D:1 [


Message History

The ball python hisses angrily.
The adder bites you but does no damage. The adder closely misses you.
The kobold throws a stone.
You block the stone.
You hit the adder.
The adder is lightly wounded.
The adder bites you but does no damage. The adder barely misses you.
You barely miss the adder.
The adder is lightly wounded.
The adder bites you but does no damage.
You closely miss the adder.
The adder is lightly wounded.
You closely miss the kobold. You block the adder's attack.
The adder bites you but does no damage. The kobold closely misses you.
You barely miss the adder.
The adder is lightly wounded.
You closely miss the kobold. The adder bites you but does no damage.
The kobold hits you with a +0 short sword.
You block the adder's attack.
You barely miss the adder.
The adder is lightly wounded.
You closely miss the kobold. You block the kobold's attack.
The adder bites you but does no damage.
You barely miss the adder.
The adder is lightly wounded.
You hit the kobold.
You kill the kobold!
You closely miss the ball python.
The ball python bites you but does no damage.
The ball python barely misses you. The adder bites you but does no damage.
The ball python closely misses you. The ball python barely misses you.
The adder bites you but does no damage.
You slash the adder!
You kill the adder!
You slash the ball python!
You kill the ball python!
No target in view!
No target in view!
Things that are here:
a +0 short sword; 3 stones Are you sure you want to abandon this character and quit the game? (Confirm with "yes".)

...... ...... #..#.
###.. ...... #....##
.#... ........#
#..#..##....
........###.....#...#
......#.##....#.....##
.........<.#.........#
<.........##.........#
..........##....@....#
......##...........#.#
†.......#.......##.....
....#.#............#....
...##.#...)........# )..
#####)).................
#...................
#.............[....
#.>..................


There were no monsters in sight!

Vanquished Creatures
  5 adders
  12 dart slugs
  2 orcs
  6 bats
  4 endoplasms
  2 giant cockroaches
  8 goblins
  5 hobgoblins
  4 jackals (D:2)
  2 quokkas
  4 ball pythons
  2 frilled lizards
  6 kobolds
  4 rats
66 creatures vanquished.

Notes
Turn   | Place    | Note
-------+----------+-------------------------------------------
     0 | D:1      | Decritt the Hill Orc Fighter began the quest for the Orb.
     0 | D:1      | Reached XP level 1. HP: 19/19 MP: 1/1
    55 | D:1      | Reached XP level 2. HP: 27/27 MP: 2/2
   176 | D:1      | Reached skill level 4 in Fighting
   307 | D:1      | Found Datapt's Armour Shoppe.
   355 | D:1      | Reached XP level 3. HP: 29/33 MP: 3/3
   483 | D:1      | Found a faded altar of an unknown god.
  1568 | D:3      | Reached XP level 4. HP: 36/41 MP: 4/4
  2261 | D:4      | Reached skill level 5 in Fighting
  2261 | D:4      | Reached XP level 5. HP: 34/48 MP: 5/5
  2355 | D:4      | Quit the game

Illustrated notes

Levels and vault maps discovered:
D:1:      nicolae_arrival_somewhat_less_tricky_arrival, layout_rooms,
          shapermc_ecumenical_altar_ellora, serial_shops, shop,
          chequers_serial_rivers_marsh
D:2:      layout_loops_corners, hex_medium, chequers_avenue, minmay_bisected
D:3:      kennysheep_slugbush, layout_basic
D:4:      layout_rooms, nicolae_overflow_quartered_altars

Skill      XL: |  1  2  3  4 |
---------------+-------------+-----
Axes           | 3 4 |  4.5
Fighting       | 4 5 |  5.0
Armour         | |  3.8
Shields        | |  3.9

Action                     |  1- 3 |  4- 6 || total
---------------------------+-------+-------++-------
  Melee: War axe           |   114 |    80 ||   194
 Armour: Scale mail        |    73 |    47 ||   120
  Dodge: Dodged            |    75 |    52 ||   127
  Block: Buckler           |    37 |    20 ||    57

Table legend: (Time is in decaauts)
 A = Elapsed time spent in this place.
 B = Non-inter-level travel time spent in this place.
 C = Inter-level travel time spent in this place.
 D = Time resting spent in this place.
 E = Time spent auto-exploring this place.
 F = Levels seen in this place.
 G = Mean time per level.
                   A        B        C        D        E       F      G
               +--------+--------+--------+--------+--------+-----+--------+
         Total |   2425 |   2362 |     63 |     65 |   1790 |   4 |  606.2 |
       Dungeon |   2425 |   2362 |     63 |     65 |   1790 |   4 |  606.2 |
               +--------+--------+--------+--------+--------+-----+--------+

Top non-repeatable levels by time:
     D:2: 996 daAuts
     D:3: 690 daAuts
     D:1: 595 daAuts
     D:4: 143 daAuts
